AoeStats
← RIO1000

Golden Pit

507834158Analyzed
1v1 RM · 13d ago on Sep 19, 2026· 45m 36s· 2 players
Game mode
Random Map
Map size
Tiny (2 player)
Population
200
Speed
Normal
Resources
Standard
Victory
Conquest
Starting age
Dark Age
Ending age
Imperial Age
RankedLock teamsTeams togetherTeam positionsShared explorationLock speedFull tech treeHidden civsTurbo modeCheats
Victory
Defeat
🇺🇸 Turks · United States
828
+17
🇲🇽 Magyars · Mexico
857
-17
King Siah
5:34 Loom
11:55 Feudal Age
13:19 Horse Collar
15:15 Double-Bit Axe
16:16 Bloodlines
19:48 Scale Mail Armor
29:30 Wheelbarrow
32:36 Castle Age
32:51 Castle Age
34:11 Forging
36:39 Hand Cart
36:33 Fletching
39:49 Imperial Age
37:41 Husbandry
37:57 Gold Mining
39:04 Town Watch
39:19 Bodkin Arrow
44:34 Conscription
RIO1000
9:41 Feudal Age
7:59 Loom
10:08 Double-Bit Axe
13:07 Fletching
20:04 Castle Age
23:02 Crossbowman
23:47 Thumb Ring
24:26 Wheelbarrow
30:45 Gold Mining
31:35 Bodkin Arrow
32:59 Stone Mining
33:36 Bow Saw
34:14 Pikeman
37:52 Gold Shaft Mining
37:36 Horse Collar
42:51 Imperial Age
40:45 Heavy Plow
42:36 Scale Mail Armor
43:52 Arbalester
Connection lost

Rejoining the realm…

Still unreachable

The connection could not be restored.

Session expired

The server has moved on; the page needs a fresh start.